 Dungeon Crawl Stone Soup version 0.29.0-4-gdea44cf6ec (webtiles) character file.

Game seed: 8727172034492935251

115 qw the Caller (level 5, -9/41 HPs)
             Began as a Ghoul Summoner on Sept 9, 2022.
             Killed from afar by Terence (12 damage)
             ... with a puff of flame
             ... on level 3 of the Dungeon.
             The game lasted 00:01:25 (2724 turns).

qw the Caller (Ghoul Summoner)                      Turns: 2724, Time: 00:01:26

Health: -9/41      AC:  6    Str: 14    XL:     5   Next: 0%
Magic:  6/6        EV: 17    Int: 10    God:
Gold:   102        SH:  0    Dex:  9    Spells: 6/7 levels left

rFire   . . .      SeeInvis .   a - +0 hand axe
rCold   + . .      Faith    .   (no shield)
rNeg    + + +      Spirit   .   g - +0 scale mail
rPois   inf        Reflect  .   (no helmet)
rElec   .          Harm     .   (no cloak)
rCorr   .          Rampage  .   (no gloves)
Will    .....                   (no boots)
Stlth   ..........              c - amulet of the acrobat
HPRegen 0.00/turn               j - +4 ring of evasion
MPRegen 0.10/turn               h - +4 ring of evasion

@: about to teleport, inhibited regen
A: claws 1, cold resistance 1, negative energy resistance 3, inhibited
regeneration, torment resistance 2, devour on kill
a: no special abilities


You were on level 3 of the Dungeon.
You visited 1 branch of the dungeon, and saw 3 of its levels.

You collected 102 gold pieces.


Innate Abilities, Weirdness & Mutations

You are immune to poison.
You have sharp fingernails.
Your flesh is cold resistant. (rC+)
You are immune to negative energy. (rN+++)
You do not regenerate when monsters are visible.
You are immune to unholy pain and torment.
You thrive by killing the living.


   Skills:
 - Level 2.0 Fighting
 + Level 3.5 Axes
 - Level 1.7 Dodging
 - Level 2.1 Stealth
 - Level 1.7 Spellcasting
 - Level 3.6 Summonings


You had 6 spell levels left.
You knew the following spells:

 Your Spells              Type           Power      Damage    Failure   Level
a - Summon Small Mammal   Summ           32%        N/A       32%         1

Your spell library contained the following spells:

 Spells                   Type           Power      Damage    Failure   Level
 Call Imp                 Summ           8%         N/A       45%         2
 Call Canine Familiar     Summ           8%         N/A       69%         3
 Summon Guardian Golem    Hex/Summ       4%         N/A       91%         3
 Summon Lightning Spire   Summ/Air       4%         N/A       100%        4

Inventory:

Hand Weapons
 a - a +0 hand axe (weapon)
 Y - a +3 flail
Missiles
 b - 3 boomerangs (quivered)
Armour
 g - a +0 scale mail (worn)
Jewellery
 c - an amulet of the acrobat (around neck)
 h - a +4 ring of evasion (right claw)
 j - a +4 ring of evasion (left claw)
Potions
 d - a potion of haste {unknown}
 e - a potion of flight {unknown}
 f - a potion of lignification {unknown}
 i - a potion of attraction {unknown}
 k - a potion of curing

Dungeon Overview and Level Annotations

Branches:
Dungeon (3/15)

Altars:
Hepliaklqana

Annotations:
D:3 Terence


Message History

You hit Terence.
Terence is lightly wounded.
Terence hits you with a +0 flail.
You hit Terence but do no damage.
Terence is lightly wounded.
Terence misses you.
Terence shouts, "ATTACK!!!"
Terence zaps a wand.
The puff of flame misses you.
You hit Terence but do no damage.
Terence is lightly wounded.
Terence misses you.
You closely miss Terence.
Terence is lightly wounded.
Terence zaps a wand.
The puff of flame hits you!
You hit Terence.
Terence is heavily wounded.
Terence closely misses you.
You barely miss Terence.
Terence is heavily wounded.
Terence zaps a wand.
The puff of flame hits you.
You hit Terence.
Terence is severely wounded.
Terence hits you with a +0 flail!
You completely miss Terence.
Terence is severely wounded.
Terence misses you.
You barely miss Terence.
Terence is severely wounded.
Terence misses you. Terence hits you with a +0 flail.
2722 ||| READING scroll of teleportation.
As you read the scroll of teleportation, it crumbles to dust.
You feel strangely unstable. Terence hits you with a +0 flail.
You barely miss Terence.
Terence is heavily wounded.
Terence closely misses you.
You closely miss Terence.
Terence is heavily wounded.
Terence zaps a wand.
The puff of flame hits you!
You die...

.....##.....# #.
### ..
........##... ..
.....> ..
#..##.##>## #.
#.##.# ..
#........#
#.##.##.##.#
#.###.####
#.#........ .###
#.# #.#..#.##.#
... #.#
#.#..#.##.##@###
####.#
#..........@...#
#....#
#.......##.....#
#.####
#.##.##.##.....#
#.#
#.##.##.##.....#
#.#
#....##.##.....#
##.####
#).####.########
#.....#
#..####.#
##.##)#
#.......# ####.#
##>###### ###
#.#


You could see Terence.

Vanquished Creatures
  An orc wizard (D:3)
  2 adders (D:2)
  A dart slug (D:1)
  7 orcs (D:3)
  8 ball pythons
  3 bats (D:2)
  4 endoplasms
  A giant cockroach (D:1)
  4 goblins
  4 hobgoblins
  2 frilled lizards
  6 kobolds
  5 rats
48 creatures vanquished.

Vanquished Creatures (collateral kills)
  2 endoplasms (D:1)
  3 goblins (D:1)
  2 hobgoblins (D:1)
  2 ball pythons (D:1)
  A frilled lizard (D:1)
  A kobold (D:1)
11 creatures vanquished.

Grand Total: 59 creatures vanquished

Notes
Turn   | Place    | Note
-------+----------+-------------------------------------------
     0 | D:1      | qw the Ghoul Summoner began the quest for the Orb.
     0 | D:1      | Reached XP level 1. HP: 14/14 MP: 2/2
     0 | D:1      | 0 ||| qw: Version: 0.1-a-113-g051387a
     0 | D:1      | 0 ||| qw: Game counter: 6907
     0 | D:1      | 0 ||| qw: Always use a shield: true
     0 | D:1      | 0 ||| qw: God list: Okawaru
     0 | D:1      | 0 ||| qw: Allow faded altars: false
     0 | D:1      | 0 ||| qw: Do Orc after D:15 true
     0 | D:1      | 0 ||| qw: Do second Lair branch before Depths: true
     0 | D:1      | 0 ||| qw: Lair rune preference: random
     0 | D:1      | 0 ||| qw: Plans: Normal
     0 | D:1      | 0 ||| PLANNING D:1-11
    18 | D:1      | 18 ||| CASTING Summon Small Mammal
    19 | D:1      | 19 ||| CASTING Summon Small Mammal
    75 | D:1      | 75 ||| Wielding weapon +0 short sword.
    84 | D:1      | 84 ||| Stepping ~*~*~tactically~*~*~ (stealth).
    85 | D:1      | 85 ||| CASTING Summon Small Mammal
    86 | D:1      | 86 ||| CASTING Summon Small Mammal
    98 | D:1      | Reached skill level 1 in Axes
   120 | D:1      | 120 ||| CASTING Summon Small Mammal
   122 | D:1      | 122 ||| CASTING Summon Small Mammal
   132 | D:1      | 132 ||| CASTING Summon Small Mammal
   173 | D:1      | 173 ||| CASTING Summon Small Mammal
   174 | D:1      | 174 ||| CASTING Summon Small Mammal
   178 | D:1      | Reached skill level 1 in Fighting
   178 | D:1      | Reached XP level 2. HP: 23/23 MP: 0/3
   214 | D:1      | 214 ||| CASTING Summon Small Mammal
   215 | D:1      | 215 ||| CASTING Summon Small Mammal
   217 | D:1      | 217 ||| CASTING Summon Small Mammal
   226 | D:1      | 226 ||| CASTING Summon Small Mammal
   357 | D:1      | 357 ||| SWAPPING to +2 short sword of protection.
   358 | D:1      | 358 ||| DROPPING +0 short sword.
   388 | D:1      | 388 ||| SWAPPING to +0 rapier.
   389 | D:1      | 389 ||| DROPPING +2 short sword of protection.
   427 | D:1      | 427 ||| CASTING Summon Small Mammal
   428 | D:1      | 428 ||| CASTING Summon Small Mammal
   429 | D:1      | 429 ||| CASTING Summon Small Mammal
   470 | D:1      | 470 ||| CASTING Summon Small Mammal
   471 | D:1      | 471 ||| CASTING Summon Small Mammal
   472 | D:1      | 472 ||| CASTING Summon Small Mammal
   513 | D:1      | 513 ||| CASTING Summon Small Mammal
   514 | D:1      | 514 ||| CASTING Summon Small Mammal
   515 | D:1      | 515 ||| CASTING Summon Small Mammal
   525 | D:1      | 525 ||| CASTING Summon Small Mammal
   538 | D:1      | 538 ||| CASTING Summon Small Mammal
   575 | D:1      | 575 ||| CASTING Summon Small Mammal
   576 | D:1      | 576 ||| CASTING Summon Small Mammal
   577 | D:1      | 577 ||| CASTING Summon Small Mammal
   689 | D:1      | 689 ||| Stepping ~*~*~tactically~*~*~ (hiding).
   807 | D:1      | 807 ||| Stepping ~*~*~tactically~*~*~ (hiding).
   809 | D:1      | 809 ||| CASTING Summon Small Mammal
   810 | D:1      | 810 ||| CASTING Summon Small Mammal
   811 | D:1      | 811 ||| CASTING Summon Small Mammal
   930 | D:1      | 930 ||| CASTING Summon Small Mammal
   931 | D:1      | 931 ||| CASTING Summon Small Mammal
   932 | D:1      | 932 ||| CASTING Summon Small Mammal
   943 | D:1      | 943 ||| CASTING Summon Small Mammal
   946 | D:1      | 946 ||| Stepping ~*~*~tactically~*~*~ (outnumbered).
   948 | D:1      | Reached XP level 3. HP: 26/28 MP: 0/4
  1048 | D:1      | Found a faded altar of an unknown god.
  1068 | D:1      | 1068 ||| CASTING Summon Small Mammal
  1069 | D:1      | 1069 ||| CASTING Summon Small Mammal
  1070 | D:1      | 1070 ||| CASTING Summon Small Mammal
  1071 | D:1      | 1071 ||| CASTING Summon Small Mammal
  1120 | D:1      | 1120 ||| UPGRADING to +0 scale mail.
  1130 | D:1      | 1130 ||| DROPPING +0 robe.
  1131 | D:1      | 1131 ||| UPGRADING to amulet of the acrobat.
  1136 | D:1      | 1136 ||| DROPPING +6 ring of intelligence.
  1137 | D:1      | 1137 ||| UPGRADING to +4 ring of evasion.
  1138 | D:1      | 1138 ||| READING scroll labelled AFRARO YNABBOA.
  1141 | D:1      | 1141 ||| DROPPING potion of magic.
  1152 | D:2      | 1152 ||| STAIRDANCE
  1301 | D:2      | 1301 ||| Stepping ~*~*~tactically~*~*~ (hiding).
  1344 | D:2      | 1344 ||| Stepping ~*~*~tactically~*~*~ (stealth).
  1504 | D:2      | 1504 ||| SWAPPING to +0 flail.
  1505 | D:2      | 1505 ||| DROPPING +0 rapier.
  1732 | D:2      | 1732 ||| DROPPING +2 mace of venom.
  1843 | D:2      | Reached XP level 4. HP: 34/36 MP: 5/5
  2278 | D:2      | 2278 ||| DROPPING orb of mayhem.
  2279 | D:2      | 2279 ||| UPGRADING to +4 ring of evasion.
  2280 | D:2      | 2280 ||| READING 3 scrolls labelled UCAUJ QAFAE.
  2281 | D:2      | 2281 ||| READING 2 scrolls of enchant weapon.
  2281 | D:2      | 2281 ||| ENCHANTING +1 flail.
  2282 | D:2      | 2282 ||| READING scroll of enchant weapon.
  2282 | D:2      | 2282 ||| ENCHANTING +2 flail.
  2283 | D:2      | 2283 ||| READING scroll labelled BYULUENIOS.
  2318 | D:3      | Found a hazy altar of Hepliaklqana.
  2371 | D:3      | 2371 ||| SWAPPING to +0 hand axe.
  2408 | D:3      | 2408 ||| Stepping ~*~*~tactically~*~*~ (stealth).
  2411 | D:3      | 2411 ||| Stepping ~*~*~tactically~*~*~ (stealth).
  2413 | D:3      | Reached skill level 3 in Axes
  2459 | D:3      | 2459 ||| Stepping ~*~*~tactically~*~*~ (hiding).
  2463 | D:3      | 2463 ||| Stepping ~*~*~tactically~*~*~ (stealth).
  2497 | D:3      | 2497 ||| Stepping ~*~*~tactically~*~*~ (stealth).
  2501 | D:3      | 2501 ||| Stepping ~*~*~tactically~*~*~ (stealth).
  2502 | D:3      | 2502 ||| FLEEEEING.
  2564 | D:3      | 2564 ||| Stepping ~*~*~tactically~*~*~ (stealth).
  2567 | D:3      | 2567 ||| Stepping ~*~*~tactically~*~*~ (stealth).
  2569 | D:3      | 2569 ||| Stepping ~*~*~tactically~*~*~ (stealth).
  2575 | D:3      | 2575 ||| Stepping ~*~*~tactically~*~*~ (stealth).
  2576 | D:3      | 2576 ||| Stepping ~*~*~tactically~*~*~ (stealth).
  2577 | D:3      | 2577 ||| Stepping ~*~*~tactically~*~*~ (stealth).
  2697 | D:3      | Noticed Terence
  2698 | D:3      | 2698 ||| Stepping ~*~*~tactically~*~*~ (stealth).
  2701 | D:3      | Reached XP level 5. HP: 41/41 MP: 6/6
  2702 | D:3      | 2702 ||| Stepping ~*~*~tactically~*~*~ (hiding).
  2721 | D:3      | HP: 9/41 [Terence/+0 flail (6)]
  2722 | D:3      | 2722 ||| READING scroll of teleportation.
  2722 | D:3      | HP: 3/41 [Terence/+0 flail (6)]
  2724 | D:3      | Killed from afar by Terence

Levels and vault maps discovered:
D:1:      zelgadis_glass_arrival_small, layout_rooms,
          shapermc_ecumenical_altar_notcrosses, minmay_fountain_box
D:2:      layout_loops_corners, minmay_pentomino_v4
D:3:      minmay_roachtagon, layout_loops_cross,
          mainiacjoe_overflow_tiny_flanked, mainiacjoe_overflow_small_starburst,
          overflow_temple_1_default, uniq_terence

Skill      XL: |  1  2  3  4 |
---------------+-------------+-----
Axes           | 1 2 3 |  3.5
Fighting       | 1 2 |  2.0
Dodging        | |  1.7
Stealth        | |  2.1
Spellcasting   | |  1.7
Summonings     | |  3.6

Action                   |  1- 3 |  4- 6 || total
-------------------------+-------+-------++-------
Melee: Short sword       |    24 |       ||    24
       Unarmed           |     2 |       ||     2
       Rapier            |    69 |       ||    69
       Flail             |    18 |    46 ||    64
       Punch             |     1 |       ||     1
       Hand axe          |       |    49 ||    49
Throw: Boomerang         |       |     8 ||     8
 Cast: Summon Small Mamm |    34 |       ||    34
  Use: Scroll            |     1 |     5 ||     6
Armor: Robe              |     6 |       ||     6
       Scale mail        |    26 |    15 ||    41
Dodge: Dodged            |    84 |    85 ||   169

Table legend:
 A = Non-vault XP
 B = Vault XP
 C = Vault XP percentage of total XP
 D = Non-vault monster count
 E = Vault monster count
 F = Vault count percentage of total count
                 A         B        C        D         E       F
            +---------+---------+-------+---------+---------+-------
      Total |     158 |       7 |   4.2 |      55 |       4 |   6.8
            +---------+---------+-------+---------+---------+-------
        D:1 |      37 |       0 |   0.0 |      21 |       0 |   0.0
        D:2 |      52 |       7 |  11.9 |      18 |       4 |  18.2
        D:3 |      69 |       0 |   0.0 |      16 |       0 |   0.0
            +---------+---------+-------+---------+---------+-------
